[Event "Team 45 45 League T47"]
[Site "Internet Chess Club"]
[Date "2010.11.12"]
[Round "2"]
[White "RD1974"]
[Black "VietLion"]
[Result "0-1"]
[WhiteElo "1795"]
[BlackElo "1877"]
[Opening "King's pawn opening"]
[ECO "B07"]
[Time "16:00:26"]
[TimeControl "2700+45"]

1. e4 d6 2. b3 Nf6 3. Nc3 g6 4. Bb2 Bg7 5. Nd5 c6 6. Nxf6+ exf6 7. Qf3 Nd7 8. d4
O-O 9. Bd3 c5 10. c3 cxd4 11. cxd4 Qa5+ 12. Kf1 Re8 13. Ne2 Nf8 14. h3 Ne6 15.
Bc3 Qd8 16. h4 h5 17. Rd1 Nc7 18. Qg3 d5 19. e5 Qe7 20. f4 Bg4 21. Re1 fxe5 22.
dxe5 Ne6 23. Nd4 Nxd4 24. Bxd4 Qb4 25. Qf2 a5 26. Kg1 a4 27. Bc5 Qc3 28. Bb5
Rec8 29. b4 Bf8 30. Be2 Be6 31. Bxf8 Kxf8 32. b5 Qb2 33. Bd3 Qa3 34. Rh3 Bxh3
35. Bxg6 Bg4 36. Bxf7 Qc5 37. e6 Qxf2+ 38. Kxf2 Ke7 39. Re5 Rc2+ 40. Kg1 Rxa2
41. f5 Rd2 42. Bg6 a3 43. Re1 a2 44. f6+ Kxf6 45. e7 Kxg6 46. e8=Q+ Rxe8 47.
Rxe8 a1=Q+ 48. Kh2 Qf1 49. Rg8+ Kf7 50. Rxg4 hxg4 51. Kg3 Qxg2+ 52. Kf4 Qe4+
{White resigns} 0-1

[Event "Team 45 45 League T47"]
[Site "Internet Chess Club"]
[Date "2010.11.15"]
[Round "2"]
[White "subterfuge"]
[Black "toukon"]
[Result "0-1"]
[WhiteElo "1716"]
[BlackElo "1696"]
[Opening "QGD semi-Slav"]
[ECO "D43"]
[Time "22:00:20"]
[TimeControl "2700+45"]

1. d4 d5 2. c4 c6 3. Nf3 Nf6 4. Nc3 e6 5. g3 Nbd7 6. cxd5 Nxd5 7. Bg2 Be7 8. O-O
O-O 9. e4 N5f6 10. Bf4 Nh5 11. Be3 Nhf6 12. Bf4 Bb4 13. Qc2 c5 14. dxc5 Bxc5 15.
Rad1 a6 16. Bg5 h6 17. Bf4 Nh5 18. Bd6 Bxd6 19. Rxd6 Qe7 20. Rfd1 Rb8 21. Qe2
Nhf6 22. e5 Ne8 23. R6d4 Nb6 24. Nd2 Nc7 25. Nde4 Nbd5 26. Nd6 Nxc3 27. bxc3 b6
28. h4 Bd7 29. Qd2 Bb5 30. Rg4 Kh8 31. Qc1 Be2 32. Rxg7 Kxg7 33. Rd4 Nb5 34.
Nxb5 axb5 35. Qe3 Bh5 36. g4 Bg6 37. Qg3 Rfd8 38. Rf4 Rd3 39. Bf3 Rbd8 40. h5
Bh7 41. g5 hxg5 42. Rg4 Kh6 43. c4 Bf5 44. cxb5 Bxg4 45. Qxg4 R8d4 46. Qg2 Qb4
47. Be2 Qe1+ 48. Bf1 Rd1 {White resigns} 0-1

[Event "Team 45 45 League T47"]
[Site "Internet Chess Club"]
[Date "2010.11.12"]
[Round "2"]
[White "noblitz-oblige"]
[Black "John3v16"]
[Result "1-0"]
[WhiteElo "1689"]
[BlackElo "1724"]
[Opening "Sicilian: Najdorf, Lipnitzky attack"]
[ECO "B86"]
[Time "06:03:39"]
[TimeControl "2700+45"]

1. e4 c5 2. Nf3 d6 3. d4 cxd4 4. Nxd4 Nf6 5. Nc3 a6 6. Bc4 e6 7. O-O Qc7 8. Bb3
b5 9. a3 Be7 10. h3 O-O 11. Be3 Nc6 12. Qe2 Bb7 13. Rad1 Nxd4 14. Rxd4 e5 15.
Rd3 Nxe4 16. Nd5 Bxd5 17. Bxd5 Nf6 18. Bxa8 Rxa8 19. Rfd1 h6 20. f4 Rc8 21. Rc3
Qb7 22. Rxc8+ Qxc8 23. fxe5 dxe5 24. Bf2 Qc7 25. Bg3 Bd6 26. c3 Ne8 27. Qg4 Nf6
28. Qe2 Ne8 29. Re1 f6 30. Kh1 g6 31. Rd1 f5 32. Qd3 Kf8 33. Qd5 Qa7 34. Qe6 Qf7
35. Rxd6 f4 36. Bf2 Nxd6 37. Qxd6+ Qe7 38. Qxg6 Qg5 39. Bc5+ {Black resigns} 1-0

[Event "Team 45 45 League T47"]
[Site "Internet Chess Club"]
[Date "2010.11.15"]
[Round "2"]
[White "Deckfuel"]
[Black "TerryMalloy"]
[Result "1-0"]
[WhiteElo "2085"]
[BlackElo "2024"]
[Opening "Vienna gambit"]
[ECO "C29"]
[Time "16:31:22"]
[TimeControl "2700+45"]

1. Nc3 Nf6 2. e4 e5 3. f4 d5 4. fxe5 Nxe4 5. Nf3 Bc5 6. d4 Bb4 7. Bd2 Bg4 8.
Bb5+ c6 9. Bd3 Nxd2 10. Qxd2 Bxf3 11. gxf3 Qh4+ 12. Qf2 Qf4 13. Rg1 O-O 14. Rg4
{Black resigns} 1-0

[Event "Team 45 45 League T47"]
[Site "Internet Chess Club"]
[Date "2010.11.14"]
[Round "2"]
[White "daniguti"]
[Black "Goli"]
[Result "1-0"]
[WhiteElo "1643"]
[BlackElo "1793"]
[Opening "Pirc: Austrian attack, 6.Bd3"]
[ECO "B06"]
[Time "16:30:08"]
[TimeControl "2700+45"]

1. e4 g6 2. d4 Bg7 3. Nc3 d6 4. f4 Nf6 5. Nf3 O-O 6. Bd3 c5 7. dxc5 dxc5 8. O-O
Nc6 9. e5 Nd5 10. Nxd5 Qxd5 11. c4 Qd8 12. Be3 b6 13. Qe2 Qc7 14. Rfd1 Bb7 15.
a3 Rad8 16. Be4 e6 17. Rac1 f6 18. exf6 Bxf6 19. g3 Ne7 20. Bxb7 Qxb7 21. Bf2
Qc8 22. Rxd8 Rxd8 23. Re1 Rd6 24. b3 Qb7 25. Nd2 Bc3 26. Ne4 Bxe1 27. Nxd6 Bxf2+
28. Kxf2 Qd7 29. Ne4 Qd4+ 30. Kg2 Nf5 31. Ng5 Qd6 32. Qxe6+ Qxe6 33. Nxe6 Kf7
34. Nd8+ Ke8 35. Nc6 a5 36. Kf3 Kd7 37. Ne5+ Ke6 38. Ke4 Nd4 39. b4 a4 40. Nd3
Nb3 41. bxc5 bxc5 42. Ke3 Kf5 43. h3 Na1 44. g4+ Kf6 45. Nxc5 Nc2+ 46. Kd3 Nxa3
47. Nxa4 Ke6 48. Kd4 Nc2+ 49. Ke4 Nb4 50. Nc3 Nc6 51. Nb5 Ne7 52. c5 Kd7 53. Nd4
Ng8 54. Ke5 Kc7 55. Ke6 Kd8 56. f5 gxf5 57. gxf5 Ne7 58. f6 Ng6 59. f7 Nf4+ 60.
Kf5 Ng6 61. Nc6+ Kc7 62. Nd4 Kd7 63. Kf6 Kd8 64. Ne6+ Kd7 65. f8=N+ Nxf8 66.
Nxf8+ Kc6 67. Nxh7 Kxc5 68. Nf8 {Black resigns} 1-0

[Event "Team 45 45 League T47"]
[Site "Internet Chess Club"]
[Date "2010.11.12"]
[Round "2"]
[White "randallsr"]
[Black "Tamarin"]
[Result "1-0"]
[WhiteElo "1770"]
[BlackElo "1776"]
[Opening "English opening"]
[ECO "A30"]
[Time "22:30:06"]
[TimeControl "2700+45"]

1. Nf3 Nf6 2. c4 c5 3. b3 g6 4. Bb2 Bg7 5. d3 O-O 6. Nbd2 Nc6 7. g3 d5 8. cxd5
Nxd5 9. Bxg7 Kxg7 10. Bg2 f6 11. Rc1 b6 12. O-O Bb7 13. Ne4 e5 14. Nc3 Nxc3 15.
Rxc3 Qc7 16. Qb1 Rad8 17. Rfc1 Rfe8 18. b4 cxb4 19. Qxb4 Qd6 20. Qxd6 Rxd6 21.
e3 Re7 22. Nh4 Nb4 23. Bxb7 Rxb7 24. Rc7+ Rd7 25. Rxb7 Rxb7 26. d4 exd4 27. a3
Na6 28. exd4 Rc7 29. Re1 Kf7 30. Nf3 Re7 31. Re3 Nc7 32. Rb3 Re2 33. Rc3 Re7 34.
Kf1 Nd5 35. Rd3 Ke8 36. Nd2 Kd7 37. Nc4 Kc6 38. Ne3 a5 39. a4 Rc7 40. Ke2 Kd6
41. Rb3 Rb7 42. Nc4+ Kc6 43. Kd3 Nb4+ 44. Ke4 Re7+ 45. Kf4 Rd7 46. Ke3 Re7+ 47.
Kf4 Re2 48. Kf3 Re7 49. Rc3 Kb7 50. Nd6+ Kb8 51. Rc8+ Ka7 52. Rf8 Rd7 53. Nb5+
Kb7 54. Rxf6 Nc2 55. Nd6+ Kc7 56. Nb5+ Kb7 57. Ke4 Re7+ 58. Kd5 Nb4+ 59. Kd6 Rg7
60. d5 Nd3 61. Re6 Nc5 62. Nc3 Rd7+ 63. Ke5 Nxe6 64. dxe6 Rc7 65. Nd5 Rc8 66. e7
Kc6 67. Nf6 Kc5 68. e8=Q Rxe8+ 69. Nxe8 Kb4 70. Kd4 Kxa4 71. Kc3 b5 72. Nd6 b4+
73. Kb2 b3 74. Nc4 Kb4 75. Nxa5 Kxa5 76. Kxb3 Kb5 77. Kc3 Kc5 78. Kd3 Kd5 79.
Ke3 Ke5 80. Kf3 Kf5 81. h4 h5 82. Kg2 Ke4 83. Kg1 Kf5 84. f3 g5 85. hxg5 Kxg5
86. Kg2 Kf5 87. Kf2 Kf6 88. Ke3 Kg5 89. Ke4 Kf6 90. Kd5 Kf5 91. Kd4 Kf6 92. Ke4
Ke6 93. Ke3 Kf5 94. Kf2 Kg5 95. Kg2 Kf5 96. Kh2 Kg6 97. Kg2 Kg5 98. Kf2 Kf5 99.
Ke3 Ke5 100. Kd3 Kf5 101. Kd4 Kf6 102. Ke4 Ke6 103. f4 Kf6 104. f5 Kg5 105. Ke5
Kg4 106. f6 Kxg3 107. f7 h4 108. f8=Q h3 109. Qa3+ Kg2 110. Qb2+ Kg3 111. Qc3+
Kg2 112. Qd2+ Kg3 113. Qe3+ Kg2 114. Kf4 h2 115. Qg3+ Kh1 116. Qe1+ Kg2 117.
Qe2+ Kg1 118. Kg3 h1=N+ 119. Kh4 Nf2 120. Qe1+ Kg2 121. Qa1 Kf3 122. Qf1 Ke3
123. Kg3 Ne4+ 124. Kg2 Kd4 125. Qa1+ Kd5 126. Kf3 Nd2+ 127. Kf4 Nc4 128. Qa4 Nd6
129. Qd7 Kc5 130. Ke3 Nc4+ 131. Ke2 Nd6 132. Kd3 Kd5 133. Qe7 Kc6 134. Kc3 Kd5
135. Kb4 Nf5 136. Qf6 Ke4 137. Qc6+ Ke5 138. Kc4 Ne3+ 139. Kd3 Nd5 140. Qe8+ Kf6
141. Kd4 Ne7 142. Qh5 Nf5+ 143. Kd5 Ne7+ 144. Ke4 Ke6 145. Qh6+ Kd7 146. Qg7 Ke6
147. Qh6+ Kd7 148. Ke5 Nc6+ 149. Kd5 Ne7+ 150. Kc5 Nf5 151. Qf6 Ne7 152. Qd6+
Ke8 153. Qd3 Kf7 154. Kd6 Nc8+ 155. Kd7 Ne7 156. Qf3+ Nf5 157. Qxf5+ Kg7 158.
Ke7 Kh6 159. Qg4 Kh7 160. Kf6 {Black resigns} 1-0

[Event "Team 45 45 League T47"]
[Site "Internet Chess Club"]
[Date "2010.11.10"]
[Round "2"]
[White "Schack"]
[Black "justice02"]
[Result "1-0"]
[WhiteElo "1657"]
[BlackElo "1703"]
[Opening "Scandinavian (center counter) defense"]
[ECO "B01"]
[Time "21:30:13"]
[TimeControl "2700+45"]

1. e4 d5 2. exd5 Qxd5 3. Nc3 Qa5 4. d4 Nf6 5. Nf3 Bg4 6. Bc4 e6 7. Bd2 c6 8. O-O
Qh5 9. Be2 Bd6 10. Ne5 Bxe2 11. Qxe2 Qh4 12. f4 Nfd7 13. Ne4 Bxe5 14. fxe5 O-O
15. Rf4 Qe7 16. Raf1 f5 17. exf6 gxf6 18. Qg4+ Kh8 19. Qh4 Na6 20. Nxf6 Nxf6 21.
Rxf6 Rxf6 22. Qxf6+ Qxf6 23. Rxf6 Nc7 24. Rf7 Rc8 25. Bf4 Nd5 26. Be5+ Kg8 27.
Rg7+ Kf8 28. Rxh7 Kg8 29. Rh8+ {Black resigns} 1-0

[Event "Team 45 45 League T47"]
[Site "Internet Chess Club"]
[Date "2010.11.14"]
[Round "2"]
[White "Ianjo"]
[Black "upsan"]
[Result "1/2-1/2"]
[WhiteElo "1844"]
[BlackElo "1829"]
[Opening "Queen's pawn"]
[ECO "A40"]
[Time "10:15:49"]
[TimeControl "2700+45"]

1. d4 e6 2. Nf3 f5 3. c4 Nf6 4. g3 c6 5. Bg2 d5 6. b3 Bd6 7. O-O Qe7 8. Ne5 O-O
9. f4 Nbd7 10. Bb2 Ne4 11. a4 Ndf6 12. Ba3 Bxa3 13. Nxa3 Bd7 14. Qd3 Rac8 15. c5
Be8 16. b4 Nd7 17. e3 Nef6 18. Rfc1 Nxe5 19. fxe5 Ng4 20. h3 Nh6 21. b5 Bg6 22.
Qb3 Qg5 23. Kh2 Nf7 24. Nc2 h5 25. h4 Qg4 26. Ne1 f4 27. exf4 Nh6 28. Ra2 Bf5
29. Qd1 Qg6 30. Bf3 Ng4+ 31. Bxg4 Bxg4 32. Qc2 Bf5 33. Qe2 Bg4 34. Qc2 Bf5 35.
Qe2 Bg4 36. Nf3 Rf7 37. Qe3 Bf5 38. Ng5 Rfc7 39. b6 axb6 40. cxb6 Re7 41. Qa3
Ree8 42. a5 Bd3 43. Qc3 Ra8 44. Ra3 Bc4 45. Qc2 Qf5 46. Qxf5 exf5 47. Kg2 Rac8
48. Kf2 c5 49. Nf3 cxd4 50. Nxd4 g6 51. Ke3 Kf7 52. Kd2 Ke7 53. Rcc3 Kd7 54. Kc2
Ra8 55. Kb2 Rec8 56. Rc1 Rc5 57. Rca1 Ba6 58. Rc1 {Game drawn by mutual
agreement} 1/2-1/2

[Event "Team 45 45 League T47"]
[Site "Internet Chess Club"]
[Date "2010.11.14"]
[Round "2"]
[White "backrankbrawler"]
[Black "LuxAeterna"]
[Result "1-0"]
[WhiteElo "1761"]
[BlackElo "1778"]
[Opening "Caro-Kann: Panov-Botvinnik attack, 5...g6"]
[ECO "B14"]
[Time "20:30:12"]
[TimeControl "2700+45"]

1. d4 c6 2. e4 d5 3. exd5 cxd5 4. c4 Nf6 5. Nc3 g6 6. Nf3 Bg7 7. Qb3 e6 8. Bg5
dxc4 9. Bxc4 Qb6 10. Qxb6 axb6 11. O-O O-O 12. Rfd1 Nc6 13. a3 h6 14. Bf4 Bd7
15. Bc7 Rfc8 16. Bxb6 Na5 17. Ba2 Nc4 18. Bxc4 Rxc4 19. Ne5 Rcc8 20. a4 Be8 21.
a5 Nd7 22. Nxd7 Bxd7 23. Rdc1 Rc4 24. Ne4 Rac8 25. Rxc4 Rxc4 26. Nd6 Rb4 27.
Nxb7 Bxd4 28. Bxd4 Rxd4 29. f3 Rb4 30. Nc5 Bc6 31. Rb1 Kf8 32. b3 Ke7 33. Na6
Rb5 34. b4 Kd6 35. Nc5 Kc7 36. Kf2 Kb8 37. Ke3 Ka7 38. Kd4 Bd5 39. Ke5 {Black
forfeits on time} 1-0

[Event "Team 45 45 League T47"]
[Site "Internet Chess Club"]
[Date "2010.11.12"]
[Round "2"]
[White "Heian"]
[Black "Buford-Julep"]
[Result "0-1"]
[WhiteElo "1586"]
[BlackElo "1634"]
[Opening "French: advance, Paulsen attack"]
[ECO "C02"]
[Time "19:00:18"]
[TimeControl "2700+45"]

1. e4 e6 2. d4 d5 3. e5 c5 4. c3 Nc6 5. Nf3 Nh6 6. Bd3 cxd4 7. cxd4 Bd7 8. O-O
Nb4 9. Be2 Nf5 10. a3 Nc6 11. b4 Qb6 12. Be3 Rc8 13. Nc3 Nxe3 14. fxe3 Nxd4 15.
Nxd5 Nxe2+ 16. Qxe2 exd5 17. Ng5 Be6 18. Kh1 Be7 19. Qh5 Bxg5 20. Qxg5 O-O 21.
Rf3 Rc2 22. h4 Rfc8 23. h5 Rc1+ 24. Rxc1 Rxc1+ 25. Kh2 h6 26. Qh4 Qc7 27. Qf4
Rc4 28. Qg3 Rg4 29. Qf2 Qxe5+ 30. Rf4 Rxf4 31. exf4 Qxh5+ 32. Kg1 Qd1+ 33. Kh2
d4 34. f5 Qh5+ 35. Kg1 Qxf5 36. Qxd4 Bd5 37. Qxa7 Qg5 38. Qf2 Qc1+ 39. Kh2 Qxa3
40. Qc5 Qd3 41. Qc8+ Kh7 42. Qg4 Qe4 {White resigns} 0-1

[Event "Team 45 45 League T47"]
[Site "Internet Chess Club"]
[Date "2010.11.14"]
[Round "2"]
[White "oldsj"]
[Black "Sirian"]
[Result "1-0"]
[WhiteElo "1633"]
[BlackElo "1586"]
[Opening "Pirc: Austrian attack, 6.Bd3"]
[ECO "B09"]
[Time "09:59:23"]
[TimeControl "2700+45"]

1. e4 d6 2. d4 Nf6 3. Nc3 g6 4. f4 Bg7 5. Nf3 O-O 6. Bd3 Nc6 7. e5 dxe5 8. dxe5
Nd5 9. Bd2 Ndb4 10. Be4 Nd4 11. Ne2 Ndxc2+ 12. Bxc2 Nc6 13. Bc3 Be6 14. O-O Qxd1
15. Rfxd1 Rfd8 16. Ned4 Nxd4 17. Nxd4 Bg4 18. Nf3 Bh6 19. Be4 c6 20. g3 Be6 21.
Bb4 f5 22. exf6 Rxd1+ 23. Rxd1 exf6 24. a3 Bf8 25. Bxf8 Kxf8 26. Kf2 Kf7 27. Bc2
Bd5 28. Re1 Rd8 29. Nd2 b6 30. Bb3 Bxb3 31. Nxb3 c5 32. Re3 c4 33. Nc1 b5 34.
Ke2 h5 35. h4 a5 36. Na2 Rd4 37. Nc3 b4 38. axb4 axb4 39. Ne4 f5 40. Ng5+ Kg8
41. Re8+ Kg7 42. Ne6+ Kf6 43. Nxd4 Kf7 44. Rc8 Ke7 45. Rxc4 Kd7 46. Rc6 Ke7 47.
Rxg6 Kf7 48. Rb6 Ke7 49. Nxf5+ Kd7 50. Nd4 Kc7 51. Rh6 Kd7 52. Nc6 Kc7 53. Nxb4
Kb7 54. Nd5 Ka7 55. f5 Kb7 56. f6 Kc8 57. f7 Kd8 58. f8=Q+ Kd7 59. Qg7+ Kc8 60.
Rh8# {Black checkmated} 1-0